AoeStats
← BDD || J

Arena

509002767Analyzed
2v2 RM · 6d ago on Sep 25, 2026· 36m 43s· 4 players
Game mode
Random Map
Map size
Medium (4 player)
Population
200
Speed
Normal
Resources
Standard
Victory
Conquest
Starting age
Dark Age
Ending age
Imperial Age
RankedLock teamsTeams togetherTeam positionsShared explorationLock speedFull tech treeHidden civsTurbo modeCheats
Victory
Defeat
🇦🇷 Malay · Argentina
1628
+16
🇲🇽 Mongols · Mexico
1576
+18
🇩🇪 Saxons · Germany
1621
-17
🇺🇸 Vietnamese · United States
1621
-17
panzasmagno
9:09 Feudal Age
13:12 Castle Age
12:41 Loom
16:24 Fletching
21:49 Bodkin Arrow
23:37 Padded Archer Armor
23:39 Double-Bit Axe
24:14 Town Watch
24:30 Horse Collar
29:58 Ballistics
30:37 Bow Saw
36:22 Imperial Age
34:43 Leather Archer Armor
36:25 Wheelbarrow
36:19 Bloodlines
37:14 Bracer
38:16 Chemistry
DiegoRasta
13:01 Feudal Age
13:20 Horse Collar
13:26 Double-Bit Axe
15:56 Castle Age
15:51 Bow Saw
15:46 Heavy Plow
19:21 Wheelbarrow
21:35 Hand Cart
22:43 Scale Barding Armor
22:30 Gold Mining
22:51 Forging
22:47 Loom
24:19 Gold Shaft Mining
24:32 Husbandry
24:53 Fletching
25:38 Iron Casting
26:49 Loom
35:17 Stone Mining
37:42 Stone Shaft Mining
BDD || J
10:34 Feudal Age
14:09 Castle Age
11:56 Double-Bit Axe
12:36 Double-Bit Axe
12:55 Horse Collar
15:03 Bow Saw
16:08 Loom
19:58 Elite Skirmisher
21:41 Fletching
27:38 Gold Mining
28:14 Bodkin Arrow
29:22 Scale Mail Armor
32:35 Squires
32:52 Chain Mail Armor
32:37 Stone Mining
34:38 Forging
35:46 Wheelbarrow
BDD || Q
5:09 Loom
10:29 Feudal Age
14:12 Castle Age
12:19 Double-Bit Axe
13:09 Horse Collar
14:40 Wheelbarrow
15:18 Bow Saw
21:38 Hand Cart
23:13 Stone Mining
25:18 Stone Shaft Mining
28:27 Imperial Age
26:19 Fletching
26:51 Ballistics
26:54 Bodkin Arrow
27:56 Padded Archer Armor
27:43 Town Watch
Connection lost

Rejoining the realm…

Still unreachable

The connection could not be restored.

Session expired

The server has moved on; the page needs a fresh start.